 Dungeon Crawl Stone Soup version 0.31-a0-940-gdaa99269f9 (webtiles) character file.

Game seed: 17514598777819212322

1623090 Flugkiller the Acrobat (level 25, 129/129 HPs)
             Began as a Felid Necromancer on Oct 19, 2023.
             Was the Champion of Ashenzari.
             Escaped with the Orb
             ... and 3 runes on Oct 20, 2023!
             The game lasted 02:42:52 (70839 turns).

Flugkiller the Acrobat (Felid Necromancer)         Turns: 70839, Time: 02:42:52

Health: 129/129    AC:  3    Str:  7    XL:     25   Next: 58%
Magic:  42/46      EV: 52    Int: 34    God:    Ashenzari [******]
Gold:   5864       SH:  0    Dex: 24    Spells: 11/60 levels left
                                        Lives:  2   Deaths: 2

rFire   + .          .
                       - Unarmed
rCold   + . .        (shield unavailable)
rNeg    . . .        (body armour unavailable)
rPois   .            (helmet unavailable)
rElec   .            (cloak unavailable)
rCorr   .            (gloves unavailable)
SInv    +            (boots unavailable)
Will    +++..        l - amulet "Share My Unpleasantness" {Regen+ Dex+5, Comp, Melee} (curse)
Stlth   ++           T - ring "Eternal With Me" {EV+5, Comp, Cun} (curse)
HPRegen 1.21/turn    u - ring of Ashenzari's Seer {rF+ Int+6 Dex+3, Comp, Self} (curse)
MPRegen 0.30/turn

%: clarity
@: on dragon call cooldown, quick
A: very small, claws 1, fangs 3, see invisible, speed 1, shaggy fur 3, stealthy
paws, no weapons or thrown items, no armour, multi-lived, clever 1, mutation
resistance 1
0: Orb of Zot
}: 3/15 runes: decaying, silver, gossamer
a: Renounce Religion, Shatter the Chains


You escaped.
You worshipped Ashenzari.
Ashenzari was exalted by your worship.
You visited 10 branches of the dungeon, and saw 48 of its levels.
You visited the Abyss 1 time.
You visited 1 bazaar.
You also visited: Ossuary, Gauntlet, Ice Cave, Volcano and Wizlab.

You collected 9924 gold pieces.
You spent 4060 gold pieces at shops.

Inventory:

Jewellery
 l - the cursed amulet "Share My Unpleasantness" (around neck) {Regen+ Dex+5, Comp, Melee}
   (You bought it in a shop on level 2 of the Vaults)

   [amulet of regeneration]

   Dex+5:     It affects your dexterity (+5).
   Regen+:    It increases your rate of health regeneration.
   It has a curse which improves the following skills: Companions: Summonings
   and Necromancy.
   Melee Combat: Unarmed Combat.
 m - a ring of willpower
   (You found it on level 1 of the Dungeon)
 p - a ring of protection from cold
   (You found it in a Gauntlet)
 u - the cursed ring of Ashenzari's Seer (right paw) {rF+ Int+6 Dex+3, Comp, Self}
   (You found it in a Gauntlet)

   [ring of intelligence]

   Int+6:     It affects your intelligence (+6).
   Dex+3:     It affects your dexterity (+3).
   rF+:       It protects you from fire.
   It has a curse which improves the following skills: Companions: Summonings
   and Necromancy.
   Introspection: Fighting and Spellcasting.
 N - a +6 ring of dexterity
   (You found it on level 15 of the Dungeon)
 Q - a +6 ring of dexterity
   (You found it on level 1 of the Elven Halls)
 T - the cursed ring "Eternal With Me" (left paw) {EV+5, Comp, Cun}
   (You found it on level 6 of the Dungeon)

   [ring of evasion]

   EV+5:      It affects your evasion (+5).
   It has a curse which improves the following skills: Companions: Summonings
   and Necromancy.
   Cunning:   Dodging and Stealth.
Talismans
 R - a granite talisman
   (You took it off Roxanne on level 1 of the Spider Nest)
Wands
 s - a wand of flame (131)
   (You found it in an ossuary)
 x - a wand of acid (18)
   (You took it off an orc on level 7 of the Dungeon)
 B - a wand of polymorph (11)
   (You found it on level 9 of the Dungeon)
 E - a wand of iceblast (24)
   (You found it on level 10 of the Dungeon)
 G - a wand of paralysis (46)
   (You found it on level 11 of the Dungeon)
 H - a wand of mindburst (31)
   (You found it in an ossuary)
 O - a wand of digging (7)
   (You found it on level 8 of the Dungeon)
Scrolls
 e - 2 scrolls of silence
 g - 6 scrolls of fear
 j - a scroll of butterflies
 k - 8 scrolls of immolation
 r - 3 scrolls of amnesia
 t - 16 scrolls of teleportation
 y - 7 scrolls of poison
 z - 2 scrolls of blinking
 I - 3 scrolls of vulnerability
 J - 4 scrolls of fog
 P - a scroll of revelation
Potions
 a - 5 potions of magic
 b - 7 potions of cancellation
 c - 8 potions of ambrosia
 d - 6 potions of might
 f - 9 potions of lignification
 h - 6 potions of haste
 i - 10 potions of attraction
 n - 2 potions of resistance
 o - 7 potions of berserk rage
 q - 10 potions of curing
 w - 13 potions of heal wounds
 A - 4 potions of mutation
 C - 6 potions of enlightenment
 F - 11 potions of brilliance
Miscellaneous
 K - a phial of floods
   (You found it on level 14 of the Dungeon)
 S - a phantom mirror
   (You found it in an ice cave)


   Skills:
 + Level 19.6(21.8) Fighting
 - Level 24.9(27) Dodging
 - Level 4.2(6.5) Stealth
 - Level 17.7(20.0) Unarmed Combat
 - Level 15.6(18.0) Spellcasting
 - Level 22.7(27) Summonings
 - Level 10.0(14.7) Necromancy
 - Level 10.0 Translocations
 - Level 4.3 Air Magic
 - Level 8.1 Earth Magic
 - Level 5.0 Evocations
 - Level 16.0 Shapeshifting


You had 11 spell levels left.
You knew the following spells:

 Your Spells              Type           Power      Damage    Failure   Level
a - Summon Forest         Summ/Tloc      51%        N/A       0%          5
b - Malign Gateway        Summ/Tloc      51%        N/A       1%          7
c - Animate Dead          Necr           92%        N/A       1%          4
d - Borgnjor's Vile Clut  Necr/Erth      41%        N/A       1%          5
e - Death Channel         Necr           46%        N/A       1%          6
f - Summon Cactus Giant   Summ           60%        N/A       0%          6
g - Dragon's Call         Summ           60%        N/A       1%          9
h - Haunt                 Necr/Summ      53%        N/A       1%          7

Your spell library contained the following spells:

 Spells                   Type           Power      Damage    Failure   Level
 Necrotise                Necr           100%       1d9       0%          1
 Sublimation of Blood     Necr           92%        N/A       0%          2
 Call Canine Familiar     Summ           100%       N/A       0%          3
 Summon Guardian Golem    Hex/Summ       89%        N/A       0%          3
 Vampiric Draining        Necr           92%        2d12      0%          3
 Monstrous Menagerie      Summ           60%        N/A       0%          7
 Summon Hydra             Summ           60%        N/A       0%          7
 Freeze                   Ice            100%       1d10      1%          1
 Kiss of Death            Conj/Necr      100%       2d13      1%          1
 Sandblast                Erth           100%       2d20      1%          1
 Shock                    Conj/Air       100%       1d9       1%          1
 Slow                     Hex            100%       N/A       1%          1
 Cigotuvi's Dreadful Rot  Necr/Pois/Air  100%       N/A       1%          2
 Ensorcelled Hibernation  Hex/Ice        60%        N/A       1%          2
 Jinxbite                 Hex            60%        N/A       1%          2
 Passwall                 Tmut/Erth      45%        N/A       1%          2
 Poisonous Vapours        Pois/Air       90%        N/A       1%          2
 Static Discharge         Conj/Air       90%        3-7/arc   1%          2
 Wereblood                Tmut           30%        N/A       1%          2
 Mephitic Cloud           Conj/Pois/Air  40%        N/A       1%          3
 Stone Arrow              Conj/Erth      100%       3d13      1%          3
 Swiftness                Air            56%        N/A       1%          3
 Airstrike                Air            28%        2d(4-20)  1%          4
 Anguish                  Hex/Necr       34%        N/A       1%          4
 Dispel Undead            Necr           92%        3d29      1%          4
 Summon Ice Beast         Ice/Summ       89%        N/A       1%          4
 Summon Lightning Spire   Summ/Air       95%        N/A       1%          4
 Agony                    Necr           92%        N/A       1%          5
 Summon Mana Viper        Hex/Summ       89%        N/A       1%          5
 Summon Horrible Things   Summ           60%        N/A       1%          8
 Brom's Barrelling Bould  Conj/Erth      55%        2d7       2%          4
 Leda's Liquefaction      Hex/Erth       27%        N/A       2%          4
 Petrify                  Tmut/Erth      55%        N/A       2%          4
 Confusing Touch          Hex            30%        N/A       3%          3
 Dazzling Flash           Conj/Hex       60%        N/A       3%          3
 Frozen Ramparts          Ice            60%        1d10      3%          3
 Hailstorm                Conj/Ice       30%        3d8       3%          3
 Ignite Poison            Fire/Tmut/Pois 30%        N/A       3%          3
 Inner Flame              Hex/Fire       30%        N/A       3%          3
 Ozocubu's Armour         Ice            30%        N/A       3%          3
 Sigil of Binding         Hex            30%        N/A       3%          3
 Tukima's Dance           Hex            30%        N/A       3%          3
 Spellforged Servitor     Conj/Summ      44%        N/A       3%          7
 Simulacrum               Ice/Necr       34%        N/A       9%          6
 Cause Fear               Hex            15%        N/A       12%         4
 Fulminant Prism          Conj/Hex       15%        3d11      12%         4
 Sticky Flame             Conj/Fire      30%        2d5       12%         4
 Arcjolt                  Conj/Air       22%        1d32      14%         5
 Silence                  Hex/Air        22%        N/A       14%         5
 Freezing Cloud           Conj/Ice/Air   20%        6-21      19%         5
 Borgnjor's Revivificati  Necr           46%        N/A       19%         8
 Infestation              Necr           46%        N/A       19%         8
 Fireball                 Conj/Fire      15%        3d8       32%         5
 Irradiate                Conj/Tmut      15%        3d16      32%         5
 Iskenderun's Battlesphe  Conj           30%        2d8       32%         5
 Metabolic Englaciation   Hex/Ice        15%        N/A       32%         5
 Bombard                  Conj/Erth      27%        9d5       34%         6
 Conjure Ball Lightning   Conj/Air       22%        3x3d6     58%         6
 Disjunction              Tloc           39%        N/A       77%         8
 Eringya's Noxious Bog    Tmut/Pois      15%        4d6       87%         6
 Death's Door             Necr           46%        N/A       96%         9
 Enfeeble                 Hex            15%        N/A       100%        7
 Ozocubu's Refrigeration  Ice            15%        4d10      100%        7
 Discord                  Hex            15%        N/A       100%        8
 Ignition                 Fire           15%        3d6       100%        8
 Chain Lightning          Conj/Air       22%        3d30      100%        9
 Dimensional Bullseye     Hex/Tloc       Unusable   N/A       N/A         4

Dungeon Overview and Level Annotations

Branches:
Dungeon (15/15)            Temple (1/1) D:5            Lair (5/5) D:10
  Swamp (4/4) Lair:3       Spider (4/4) Lair:3        Slime (0/5) Lair:5
    Orc (2/2) D:9             Elf (3/3) Orc:2        Vaults (5/5) D:14
  Crypt (0/3) Vaults:2     Depths (4/4) D:15            Zot (5/5) Depths:4
Ossuary (visited)           IceCv (visited)         Volcano (visited)
 WizLab (visited)         Gauntlet (visited)

Altars:
Ashenzari
Cheibriados
Dithmenos
Elyvilon
Fedhas
Gozag
Hepliaklqana
Kikubaaqudgha
Makhleb
Nemelex Xobeh
Okawaru
Qazlal
Ru
Sif Muna
Trog
Uskayaw
Vehumet
Wu Jian
Xom
Yredelemnul
Zin
The Shining One
Jiyva

Shops:
D:2 ::*[   D:4 *   D:6 ?   D:9 *(=!   Orc:2 (=*=   Elf:1 (*:   Elf:3 *
Vaults:2 =**   Vaults:5 !!=[(   Depths:2 *   Depths:3 (*[   Depths:4 [*!=

Portals:
Hell: Depths:1 Depths:2 Depths:3 Depths:4
Abyss: Depths:3
Pandemonium: Depths:2
Ziggurat: Depths:4

Annotations:
D:1 Boris
D:3 Grinder
D:6 3 runed translucent doors, Vorhees's ghost, novice DECj
D:15 exclusions: 2 orcs and orc knight, Jorgrun
Lair:1 exclusion: boulder beetle
Elf:2 3 runed translucent doors


Innate Abilities, Weirdness & Mutations

You have sharp claws.
You have razor-sharp teeth.
You have supernaturally acute eyesight. (SInv)
You cover ground quickly. (Speed+)
Your thick and shaggy fur keeps you warm. (AC +3, rC+)
Your paws help you pounce on unaware monsters.
You are incapable of wielding weapons or throwing items.
You cannot wear armour.
You gain extra lives every three experience levels.
Your mind is acute. (Int +4, Str/Dex -1)
You are somewhat resistant to further mutation.


Message History

You climb upwards.
There is a stone staircase leading down here.
You see here +0 ice dragon scales.
There is a stone staircase leading up, spattered with blood here.
You climb upwards.
There is a stone staircase leading down here.
There is a staircase back to the Dungeon here.
You climb upwards.
Welcome back to the Dungeon!
Level annotation: exclusions: 2 orcs and orc knight, Jorgrun
There is a staircase to the Depths here.
There is a stone staircase leading up here.
You climb upwards.
There is a stone staircase leading down here.
There is a stone staircase leading up here.
You climb upwards.
There is a stone staircase leading down here.
There is a stone staircase leading up here.
You climb upwards.
There is a stone staircase leading down here.
There is a stone staircase leading up here.
You climb upwards.
There is a stone staircase leading down here.
There is a stone staircase leading up here.
You climb upwards.
There is a stone staircase leading down here.
There is an open door here.
There is a stone staircase leading up here.
You climb upwards.
There is a stone staircase leading down here.
There is a stone staircase leading up here.
You climb upwards.
A hell beast comes into view.
There is a stone staircase leading down here.
The hell beast moves out of view.
You see here a +0 troll leather armour.
Things that are here:
a +0 robe; a +0 flail
There is a stone staircase leading up here.
You climb upwards.
There is a stone staircase leading down here.
A hell beast comes into view.
There is a stone staircase leading up here.
You climb upwards.
Level annotation: 3 runed translucent doors, Vorhees's ghost, novice DECj
There is a stone staircase leading down here.
You see here a +0 leather armour.
There is a stone staircase leading up, spattered with blood here.
You climb upwards.
There is a stone staircase leading down here.
There is a stone staircase leading up here.
You climb upwards.
There is a stone staircase leading down here.
There is a stone staircase leading up here.
You climb upwards.
Level annotation: Grinder
There is a stone staircase leading down here.
There is a stone staircase leading up here.
You climb upwards.
There is a stone staircase leading down here.
An Ice Fiend comes into view.
Casting: Borgnjor's Vile Clutch (mildly dangerous; 1% risk of failure)
Confirm with . or Enter, or press ? or * to list all spells.
You call out to the draconic realm, and the dragon horde roars back!
A dragon arrives to answer your call!
Your quicksilver dragon bites the Ice Fiend!
Your quicksilver dragon claws the Ice Fiend.
Unknown command.
Casting: Dragon's Call (dangerous; 1% risk of failure)
Confirm with . or Enter, or press ? or * to list all spells.
Aiming: Borgnjor's Vile Clutch (mildly dangerous; 1% risk of failure)
Press: ? - help, Shift-Dir - straight line, f - Ice Fiend
Aim: an Ice Fiend (moderately wounded, ally target, 100% to hit)
Zombie hands grab the Ice Fiend.
A dragon arrives to answer your call!
The zombie hands constrict the Ice Fiend.
Your quicksilver dragon bites the Ice Fiend!
Your quicksilver dragon claws the Ice Fiend but does no damage.
Your quicksilver dragon breathes dispelling energy at the Ice Fiend.
The bolt of dispelling energy hits the Ice Fiend!!
The Ice Fiend claws your quicksilver dragon!
The Ice Fiend freezes your quicksilver dragon!!
The Ice Fiend claws your quicksilver dragon but does no damage.
Your quicksilver dragon bites the Ice Fiend!
Your quicksilver dragon claws the Ice Fiend!
The Ice Fiend dies!
Unknown command.
There is a stone staircase leading up here.
You climb upwards.
Your summoned allies are left behind.
There is a stone staircase leading down here.
You enter the shallow water.
Moving in this stuff is going to be slow.
You sense a monster nearby.
Unknown command.
Boris, Master of Life and Death comes into view.
A dragon arrives to answer your call!
Boris is empowered by the presence of the orb!
The roar of the dragon horde subsides.
There is a staircase leading out of the dungeon here.
Enter note: gg You have escaped!

.♣♣♣.♣♣ ♣♣♣.♣ ♣♣
♣♣.♣♣♣ ♣.♣ ♣ ♣♣..♣♣♣
♣♣.♣ ♣♣♣..♣ ♣..♣ ♣♣{♣
♣♣.♣♣ ♣♣.♣♣ ♣♣..♣♣ ♣♣
♣.♣♣ ♣.♣..♣♣♣ ≈♣**
♣♣.♣♣ ♣......♣
≈≈≈♣*♣.♣.♣♣♣♣♣..@..♣♣
*≈≈≈♣♣♣....♣..P...♣♣
*~~*♣ ♣♣♣P♣.P♣♣♣♣♣♣
**** ♣♣♣♣♣♣


There were no monsters in sight!

Vanquished Creatures
  2 orbs of fire (Zot:5)
  Boris (Vaults:4)
  2 Killer Klowns (Zot:5)
  2 curse toes (Zot:5)
  4 golden dragons
  A bone dragon (Depths:4)
  An electric golem (Zot:5)
  4 Orb Guardians (Zot:5)
  7 tentacled monstrosities
  A quicksilver dragon (Zot:2)
  2 titans (Vaults:5)
  A storm dragon (Vaults:4)
  A shadow dragon (Vaults:5)
  A draconian monk (Zot:5)
  2 frost giants
  A draconian scorcher (Zot:4)
  2 deep elf elementalists (Elf:3)
  A ghost moth (Zot:4)
  A broodmother (Spider:1)
  2 war gargoyles
  A spriggan defender (Depths:3)
  An orc warlord (Orc:2)
  A draconian shifter (Zot:5)
  A draconian annihilator (Zot:4)
  2 very ugly things
  An ironbound preserver (Vaults:1)
  An ironbound thunderhulk (Vaults:3)
  4 stone giants
  An ophan (Abyss:3)
  2 deep elf annihilators (Elf:3)
  A deep elf demonologist (Elf:1)
  A black draconian (Depths:4)
  A yellow draconian (Zot:5)
  A purple draconian (Depths:4)
  5 spark wasps
  4 ettins (Depths:1)
  A jiangshi (Depths:3)
  3 fire dragons
  A yaktaur captain (Vaults:4)
  3 entropy weavers
  A great orb of eyes (Vaults:4)
  2 hydras
  A caustic shrike simulacrum (IceCv)
  2 ice dragons
  4 vault guards (Vaults:5)
  A rakshasa (WizLab)
  2 catoblepae
  2 centaur warriors
  An alligator (Swamp:3)
  2 boulder beetles
  2 dancing weapons
  4 death yaks
  An ogre mage (Vaults:5)
  3 deep troll shamans
  4 two-headed ogres
  A demonic crawler (Spider:3)
  A deep troll earth mage (Depths:3)
  4 tengu warriors
  A spriggan berserker (Depths:2)
  4 orc high priests (Orc:2)
  A sun demon (Depths:4)
  2 skysharks (Lair:3)
  2 pharaoh ants (Spider:1)
  An arcanist (D:11)
  2 bog bodies
  6 deep trolls
  2 iron trolls
  An orb spider (Spider:3)
  2 flayed ghosts
  2 deep elf zephyrmancers
  An ironbound convoker (Vaults:3)
  A swamp dragon (Swamp:4)
  2 orc knights
  12 deep elf pyromancers
  2 wolf spiders
  2 steelbarb worms
  An orc sorcerer (Orc:2)
  4 moths of wrath
  3 cyclopes
  9 ugly things
  2 manticores
  A vault sentinel (Vaults:4)
  2 elephants (Lair:5)
  6 cane toads
  A black mamba (Lair:5)
  Maurice (D:9)
  Maggie (D:6)
  An unseen horror (Depths:3)
  5 rime drakes
  6 komodo dragons
  A tormentor (Depths:2)
  An efreet (D:9)
  A yaktaur (shapeshifter) (D:14)
  An ice devil (IceCv)
  A tengu conjurer (D:15)
  3 freezing wraiths
  7 trolls
  2 meliai (Spider:1)
  A tyrant leech (Swamp:4)
  8 tarantellas
  3 large abominations (Depths:3)
  A polar bear (Lair:2)
  2 hornets (Depths:1)
  A tengu simulacrum (Depths:1)
  8 blink frogs
  5 dream sheep (Lair:2)
  4 jumping spiders
  3 slime creatures
  A flying skull (Volcano)
  A spriggan (Depths:1)
  A shadow (D:11)
  An air elemental (Elf:1)
  9 nameless horrors
  A water elemental (Depths:1)
  6 culicivoras
  5 wyverns
  A hog (shapeshifter) (D:13)
  3 wraiths
  31 yaks
  A yak (shapeshifter) (D:13)
  2 basilisks
  3 steam dragons
  3 humans (D:14)
  5 vampire mosquitoes
  A minotaur simulacrum (IceCv)
  12 redbacks
  2 harpy simulacra (IceCv)
  A swamp worm (Swamp:2)
  3 wargs
  3 acid dragons
  A sky beast (D:8)
  A human skeleton (Depths:1)
  9 water moccasins
  13 orc warriors
  A swamp drake (Swamp:4)
  3 black bears
  An ice beast (D:5)
  A hell hound (Zot:4)
  4 wolves (Lair:5)
  8 ogres
  A boggart (D:14)
  7 centaurs
  Blork the orc (D:6)
  A kobold brigand (D:4)
  10 bullfrogs
  3 scorpions
  An earth elemental (Elf:2)
  A deep troll simulacrum (IceCv)
  3 wights (D:8)
  4 killer bees (D:7)
  7 howler monkeys
  3 electric eels
  3 hounds
  4 jellies
  15 orc priests
  Jessica (D:3)
  A sleepcap (D:5)
  6 iguanas
  17 orc wizards
  3 small abominations
  6 adders
  2 shadow imps
  2 white imps
  An adder zombie (Ossuary)
  2 dart slugs
  49 orcs
  12 ball pythons
  5 bats
  5 endoplasms
  3 giant cockroaches
  7 goblins
  7 hobgoblins
  A jackal (D:3)
  14 kobolds
  2 quokkas
  3 frilled lizards
  A hobgoblin zombie (Ossuary)
  4 kobold zombies (Ossuary)
  An orc skeleton (Ossuary)
  2 orc zombies (Ossuary)
  9 rats
623 creatures vanquished.

Vanquished Creatures (collateral kills)
  2 dread liches
  4 ancient liches
  An orb of fire (Zot:5)
  A juggernaut (Depths:4)
  Sojobo (Vaults:4)
  Frederick (Depths:4)
  Bai Suzhen (Spider:3)
  7 Killer Klowns (Zot:5)
  5 caustic shrikes (Depths:4)
  Nikola (Swamp:3)
  4 golden dragons
  Norris (Vaults:4)
  3 doom hounds (Zot:4)
  A bone dragon (Abyss:3)
  A walking crystal tome (WizLab)
  An electric golem (Zot:5)
  2 Ice Fiends
  6 tentacled monstrosities
  Rupert (D:14)
  21 Orb Guardians (Zot:5)
  3 liches
  4 quicksilver dragons
  2 titans (Vaults:5)
  A walking divine tome (WizLab)
  3 sphinxes
  2 deep elf blademasters (Elf:3)
  2 deep elf master archers (Elf:3)
  Grunn (Zot:4)
  3 tentacled starspawn (Abyss:3)
  2 eldritch tentacles
  Kirke (Swamp:2)
  3 shadow dragons
  12 tengu reavers
  A draconian monk (Zot:4)
  2 storm dragons
  A strange machine (WizLab)
  4 draconian knights
  Roxanne (Spider:1)
  2 thorn hunters
  7 frost giants
  15 vault wardens
  4 emperor scorpions
  3 draconian scorchers
  4 fire giants
  4 ghost moths
  A balrug (Depths:4)
  11 deep elf sorcerers
  2 deep elf elementalists (Elf:3)
  2 draconian stormcallers
  3 draconian shifters
  2 spriggan defenders (Depths:3)
  24 ironbound preservers
  2 ghouls (Swamp:4)
  A war gargoyle (Vaults:5)
  3 orc warlords
  17 very ugly things
  3 draconian annihilators
  14 stone giants
  2 broodmothers
  2 vampire knights
  A formless jellyfish (Vaults:3)
  9 green draconians
  6 ironbound thunderhulks
  2 eleionomae
  4 black draconians
  3 white draconians
  6 deep elf demonologists
  2 purple draconians (Zot:4)
  7 spark wasps
  9 dire elephants
  3 bunyips
  13 deep elf annihilators (Elf:3)
  2 red draconians
  3 yellow draconians
  A blizzard demon (Abyss:3)
  13 ettins
  3 deep elf death magi (Elf:3)
  A jiangshi (Depths:3)
  A crystal guardian (Vaults:3)
  6 fire dragons
  8 deep elf high priests
  2 shambling mangroves (Swamp:2)
  Josephine (D:15)
  23 vault guards
  3 great orbs of eyes
  11 yaktaur captains
  19 hydras
  Fannar (Lair:3)
  3 entropy weavers
  12 alligators
  8 ice dragons
  10 rakshasas
  2 peacekeepers
  A hell beast (Depths:4)
  3 jorogumos
  A ghost crab (Swamp:1)
  2 ogre magi
  12 ironbound frosthearts
  6 radroaches
  Erica (D:9)
  A death knight (Vaults:2)
  7 boulder beetles
  12 two-headed ogres
  7 death scarabs (Spider:4)
  9 death yaks
  5 centaur warriors
  10 deep troll earth magi
  16 dancing weapons
  4 tengu warriors
  12 deep troll shamans
  3 hell hogs (Depths:4)
  9 demonic crawlers
  3 vampire magi
  Urug (Lair:5)
  15 spriggans
  14 deep elf knights
  6 hell knights (Depths:4)
  2 soul eaters (Depths:4)
  2 spriggan berserkers
  2 sun demons (Depths:4)
  5 iron trolls
  10 skeletal warriors
  8 pharaoh ants
  5 skysharks
  4 arcanists
  2 sun moths
  A death drake (Abyss:3)
  3 goliath frogs
  5 spriggan druids
  4 deep elf archers
  2 glowing orange brains
  15 swamp dragons
  An orange crystal statue (IceCv)
  3 orb spiders (Spider:4)
  An occultist (Depths:2)
  A steelbarb worm (Spider:2)
  20 ironbound convokers
  4 spriggan simulacra (IceCv)
  6 bog bodies
  71 deep trolls
  An obsidian statue (IceCv)
  An iron dragon zombie (Depths:1)
  13 orc knights
  8 deep elf zephyrmancers
  A wolf spider zombie (Spider:4)
  3 spectral wolf spiders (Spider:4)
  3 phantasmal warriors (Vaults:5)
  14 wolf spiders
  3 harpies (Vaults:1)
  A mana viper (shapeshifter) (Vaults:5)
  16 deep elf pyromancers
  8 lindwurms
  A cyclops (shapeshifter) (Vaults:5)
  2 manticores (D:14)
  A fire giant zombie (Depths:1)
  5 orc sorcerers
  35 ugly things
  5 necromancers
  A manticore (shapeshifter) (Vaults:5)
  13 moths of wrath
  3 cyclopes
  4 will-o-the-wisps
  A black mamba (Lair:5)
  A guardian serpent (shapeshifter) (Vaults:5)
  10 elephants (Lair:5)
  A water nymph (shapeshifter) (Vaults:5)
  18 vault sentinels
  2 torpor snails
  4 large abominations (Abyss:3)
  A gargoyle (D:13)
  2 cane toads
  3 smoke demons
  2 hellions (Depths:4)
  4 rime drakes
  A komodo dragon (Lair:3)
  17 yaktaurs
  2 spectral redbacks (Spider:4)
  2 anaconda simulacra (IceCv)
  2 spriggan zombies
  4 freezing wraiths (IceCv)
  4 tengu conjurers
  5 ice devils (IceCv)
  2 redback zombies (Spider:4)
  3 ancient zymes (Abyss:3)
  7 trolls
  4 meliai
  A bloated husk (Swamp:2)
  3 spectral tarantellas (Spider:4)
  A polar bear (shapeshifter) (Vaults:5)
  20 hornets
  26 tarantellas
  A tarantella zombie (Spider:4)
  5 tyrant leeches
  7 blink frogs
  4 raiju (Abyss:3)
  A spectral jumping spider (Spider:4)
  33 slime creatures
  A slime creature (shapeshifter) (Depths:2)
  21 culicivoras
  A centaur simulacrum (D:15)
  13 jumping spiders
  A flying skull (Abyss:3)
  2 air elementals
  7 water elementals
  A vampire (D:13)
  2 hogs (Swamp:2)
  7 wraiths
  2 basilisks
  13 humans (D:14)
  A golden eye (shapeshifter) (Vaults:5)
  29 yaks
  3 fire elementals
  14 vampire mosquitoes
  2 steam dragons (D:9)
  48 redbacks
  3 chaos spawn (Depths:3)
  2 harpy simulacra (IceCv)
  19 swamp worms
  A warg (Orc:2)
  4 hell hounds (Zot:4)
  A water moccasin (Lair:5)
  5 swamp drakes (Swamp:4)
  30 orc warriors
  2 black bears (Lair:5)
  5 ogres
  A wolf (Lair:5)
  4 boggarts
  A centaur (D:9)
  2 kobold brigands (D:9)
  2 bullfrogs (Lair:4)
  3 necrophages (Swamp:4)
  A gnoll sergeant (D:9)
  2 earth elementals
  2 deep troll simulacra (IceCv)
  A howler monkey (D:13)
  4 electric eels
  A quasit (Abyss:3)
  20 orc priests
  4 orc wizards (Orc:2)
  9 small abominations
  An adder (D:6)
  A white imp (Abyss:3)
  66 orcs
  An endoplasm (D:2)
  A goblin (D:2)
  3 hobgoblins
  A jackal (D:4)
  A frilled lizard (D:4)
  A starspawn tentacle (Abyss:3)
1495 creatures vanquished.

Vanquished Creatures (others)
  10 eldritch tentacles
  2 fire giants
  A juggernaut zombie (Depths:4)
  A Killer Klown zombie (Zot:5)
  4 very ugly thing zombies
  A quicksilver dragon zombie (Zot:4)
  An Orb Guardian zombie (Zot:5)
  A sphinx zombie (Vaults:5)
  A demigod zombie (Depths:4)
  2 titan zombies (Vaults:5)
  A deep elf knight (Elf:2)
  4 spark wasp zombies
  A golden dragon zombie (Depths:3)
  An occultist (Depths:3)
  A shadow dragon zombie (Vaults:5)
  2 tengu zombies
  3 ugly thing zombies
  2 fire giant zombies
  A deep elf pyromancer (Elf:3)
  A stone giant zombie (Depths:3)
  3 draconian zombies
  3 centaur zombies (Vaults:3)
  2 black draconian zombies (Depths:4)
  3 green draconian zombies (Zot:4)
  A red draconian zombie (Depths:4)
  A purple draconian zombie (Zot:4)
  A yaktaur (Vaults:3)
  A yaktaur zombie (Vaults:5)
  An iron troll zombie (Depths:3)
  A mana viper zombie (Vaults:5)
  A bloated husk (Swamp:4)
  A moth of wrath zombie (Zot:4)
  4 redback zombies
  A hornet (Swamp:3)
  5 spriggan zombies
  2 elf zombies (Vaults:5)
  A fire dragon zombie (Depths:4)
  2 ice dragon zombies (Depths:3)
  2 culicivora zombies (Lair:3)
  A guardian serpent zombie (Vaults:5)
  4 ettin zombies
  A great orb of eyes zombie (Vaults:4)
  A jumping spider zombie (Spider:1)
  2 humans (Swamp:2)
  A slime creature zombie (Depths:2)
  A golden eye (shapeshifter) (Elf:2)
  28 deep troll zombies
  A swamp worm (Swamp:3)
  A cane toad zombie (Lair:1)
  3 skyshark zombies (Vaults:4)
  A water nymph zombie (Vaults:5)
  3 hornet zombies (Depths:1)
  27 human zombies
  3 blink frog zombies (Lair:4)
  A komodo dragon zombie (Lair:1)
  A rime drake zombie (Lair:1)
  A cyclops zombie (Vaults:5)
  A water moccasin zombie (Lair:3)
  13 yak zombies
  A bullfrog zombie (Lair:1)
  A black bear zombie (Lair:1)
  An ogre zombie (Orc:1)
  11 orc zombies
  2 rats (D:3)
  7 foxfires
  6 snaplasher vines
  4 starspawn tentacles (Abyss:3)
205 creatures vanquished.

Grand Total: 2323 creatures vanquished

Notes
Turn   | Place    | Note
-------+----------+-------------------------------------------
     0 | D:1      | Flugkiller the Felid Necromancer began the quest for the
                  | Orb.
     0 | D:1      | Reached XP level 1. HP: 7/7 MP: 4/4
   280 | D:1      | Reached skill level 1 in Fighting
   280 | D:1      | Reached skill level 1 in Unarmed Combat
   289 | D:1      | Reached XP level 2. HP: 12/12 MP: 0/6
   841 | D:2      | Found Odyahiemo's Jewellery Emporium.
   894 | D:2      | Reached XP level 3. HP: 16/16 MP: 2/7
  1243 | D:2      | Found Waluhun's General Store.
  1416 | D:2      | Found Gurice's Book Shoppe.
  1432 | D:2      | Found Ylaasoq's Book Boutique.
  1646 | D:2      | Found Kiulilis's Antique Armour Shop.
  1954 | D:3      | Noticed Jessica
  1959 | D:3      | Killed Jessica
  1960 | D:3      | Reached XP level 4. HP: 20/20 MP: 4/8
  2178 | D:3      | Found a shimmering altar of Xom.
  2514 | D:3      | Noticed Grinder
  2918 | D:4      | Learned a level 3 spell: Vampiric Draining
  2990 | D:4      | Found a sacrificial altar of Ru.
  3269 | D:4      | Reached XP level 5. HP: 24/24 MP: 9/9
  3514 | D:4      | Reached skill level 5 in Necromancy
  3577 | D:4      | Gained mutation: You are covered in thick fur. (AC +2)
                  | [Felid growth]
  3577 | D:4      | Reached XP level 6. HP: 28/28 MP: 10/10
  3926 | D:4      | Found Soeschato's Assorted Antiques.
  4116 | D:4      | Reached skill level 3 in Dodging
  4713 | D:5      | Entered Level 5 of the Dungeon
  4723 | D:5      | Noticed a water moccasin
  4893 | D:5      | Reached skill level 4 in Dodging
  4893 | D:5      | Reached XP level 7. HP: 31/31 MP: 11/11
  5135 | D:5      | Found a sand-covered staircase.
  5139 | Ossuary  | Entered an ossuary
  5234 | Ossuary  | Noticed a flying skull
  5234 | Ossuary  | Noticed a wraith
  5273 | Ossuary  | Noticed a wraith
  5280 | Ossuary  | Noticed a flying skull
  5297 | Ossuary  | Noticed a flying skull
  5303 | Ossuary  | Noticed a wraith
  5855 | D:5      | Reached skill level 1 in Evocations
  5949 | D:5      | Reached skill level 5 in Dodging
  5949 | D:5      | Reached XP level 8. HP: 34/34 MP: 12/12
  6030 | D:5      | Found a staircase to the Ecumenical Temple.
  6106 | Temple   | Entered the Ecumenical Temple
  6131 | Temple   | Became a worshipper of Ashenzari the Shackled
  6179 | D:6      | Noticed Blork the orc
  6189 | D:6      | Killed Blork the orc
  6266 | D:6      | Found a runed translucent gate.
  6267 | D:6      | Found a runed translucent gate.
  6268 | D:6      | Found a runed translucent gate.
  6269 | D:6      | Noticed Vorhees's ghost (novice DECj)
  6270 | D:6      | Identified the +3 plate armour "Liceloack" {Fly Will+
                  | Dex+2}
  6296 | D:6      | Noticed Maggie
  6538 | D:6      | Found Dipp's Magic Scroll Shop.
  6551 | D:6      | Bought a scroll of identify for 20 gold pieces
  6551 | D:6      | Bought a scroll of identify for 20 gold pieces
  6568 | D:6      | Learned a level 4 spell: Animate Dead
  7084 | D:6      | Reached * piety under Ashenzari
  7084 | D:6      | Reached ** piety under Ashenzari
  7432 | D:4      | Bought a scroll labelled UZE UPPUIHIZOJ for 24 gold pieces
  7468 | D:6      | Identified the +4 sling "Qoest" {antimagic, rF+ Int+2}
  7686 | D:7      | Noticed a cyclops
  7761 | D:7      | Reached skill level 10 in Necromancy
  7761 | D:7      | Reached XP level 9. HP: 30/38 MP: 10/16
  7811 | D:7      | Found a blossoming altar of Fedhas.
  8082 | D:7      | Reached *** piety under Ashenzari
  8082 | D:7      | Reached **** piety under Ashenzari
  8558 | D:8      | Identified the +2 mace of Disorder {elec, rF+ Will+}
  8608 | D:8      | Reached skill level 6 in Dodging
  8700 | D:8      | Noticed a two-headed ogre
  9002 | D:8      | Killed a two-headed ogre
  9003 | D:8      | Reached skill level 5 in Fighting
  9003 | D:8      | Reached skill level 5 in Unarmed Combat
  9703 | D:9      | Noticed a troll
  9708 | D:8      | Killed a troll
  9744 | D:9      | Reached skill level 7 in Dodging
  9753 | D:9      | Found Zuyfoas's Assorted Antiques.
  9787 | D:9      | Found Fumadghef's Weapon Emporium.
  9827 | D:9      | Reached XP level 10. HP: 45/45 MP: 15/18
 10052 | D:9      | Noticed Maurice
 10059 | D:9      | Maurice stole a ring of resist corrosion
 10064 | D:9      | Killed Maurice
 10065 | D:9      | Reached skill level 5 in Spellcasting
 10217 | D:9      | Reached skill level 8 in Dodging
 10267 | D:9      | Reached skill level 5 in Evocations
 10363 | D:9      | Found an ancient bone altar of Kikubaaqudgha.
 10372 | D:9      | Found a runed translucent door.
 10419 | D:9      | Found Avaehaepp's General Store.
 10519 | D:9      | Noticed a deep elf pyromancer
 10609 | D:9      | Found Peun's Distillery.
 10614 | D:9      | Noticed Erica
 10651 | D:9      | Found a staircase to the Orcish Mines.
 10722 | D:9      | Found Pozxoedo's Jewellery Shop.
 10736 | D:9      | Reached skill level 9 in Dodging
 10962 | D:9      | Noticed a cyclops
 10965 | D:9      | Noticed a catoblepas
 10998 | D:9      | Reached skill level 1 in Earth Magic
 11161 | D:10     | Entered Level 10 of the Dungeon
 11677 | D:10     | Reached skill level 5 in Earth Magic
 12021 | D:2      | Bought a book of Unlife for 468 gold pieces
 12027 | D:2      | Learned a level 5 spell: Borgnjor's Vile Clutch
 12225 | D:10     | Noticed a two-headed ogre
 12260 | D:10     | Killed a two-headed ogre
 12261 | D:10     | Reached XP level 11. HP: 48/48 MP: 2/21
 12494 | D:10     | Found a staircase to the Lair.
 12817 | D:11     | Identified the "Ohesmets"
 12817 | D:11     | Identified the "Ciepruef"
 12817 | D:11     | Identified the "Pacar"
 12817 | D:11     | Identified the "Bice"
 12960 | D:11     | Noticed a two-headed ogre
 13239 | D:11     | Killed a two-headed ogre
 13582 | D:11     | Noticed a deep elf pyromancer
 13606 | D:11     | Killed a deep elf pyromancer
 13638 | D:11     | Noticed a deep elf pyromancer
 13649 | D:11     | Killed a deep elf pyromancer
 13987 | D:11     | Noticed a deep elf pyromancer
 13997 | D:11     | Killed a deep elf pyromancer
 14171 | D:11     | Noticed an arcanist
 14186 | D:11     | Killed an arcanist
 14187 | D:11     | Reached skill level 10 in Dodging
 14608 | D:12     | Noticed a skeletal warrior
 14889 | D:6      | Paralysed by Maggie for 2 turns
 14890 | D:6      | Killed Maggie
 15181 | D:7      | Reached skill level 11 in Dodging
 15449 | Lair:1   | Entered Level 1 of the Lair of Beasts
 15464 | Lair:1   | Found a gate leading to a gauntlet.
 15467 | Lair:1   | Found a dark tunnel.
 15474 | Volcano  | Entered a volcano
 15662 | Gauntlet | Entered a Gauntlet
 15662 | Gauntlet | Noticed a soul eater
 15662 | Gauntlet | Found a transporter.
 15662 | Gauntlet | Found a transporter.
 15662 | Gauntlet | Found a transporter.
 15663 | Gauntlet | Found a transporter.
 15666 | Gauntlet | Found a transporter.
 15671 | Gauntlet | Identified the amulet "Tigriecy" {Faith Str+3}
 15681 | Gauntlet | Identified the ring "Ygy Agab" {rPois Str-3 Dex+6 Slay-3
                  | SInv}
 15682 | Gauntlet | Found a transporter.
 15683 | Gauntlet | Found a transporter.
 15683 | Gauntlet | Noticed an orange crystal statue
 15689 | Gauntlet | Found a transporter.
 15697 | Gauntlet | Found a transporter.
 15715 | Gauntlet | Found a transporter.
 15723 | Gauntlet | Found a transporter.
 15741 | Gauntlet | Found a transporter.
 15823 | Gauntlet | Identified the amulet of Obli {Spirit Stlth+}
 16077 | Gauntlet | Reached ***** piety under Ashenzari
 16077 | Gauntlet | Reached ****** piety under Ashenzari
 16273 | Gauntlet | Identified the ring "Simoetow" {rF+ Int+6 Dex+3}
 16273 | Gauntlet | Noticed a minotaur
 16275 | Gauntlet | a minotaur changed into a five-headed hydra
 16275 | Gauntlet | Noticed a five-headed hydra
 16319 | Gauntlet | Killed a five-headed hydra
 16759 | Lair:1   | Noticed a boulder beetle
 16860 | Lair:1   | Gained mutation: Your thick and shaggy fur keeps you warm.
                  | (AC +3, rC+) [Felid growth]
 16860 | Lair:1   | Reached XP level 12. HP: 54/54 MP: 4/22
 16997 | Lair:1   | Noticed a death yak
 17007 | Lair:1   | Noticed a death yak
 17008 | Lair:1   | Noticed a death yak
 17008 | Lair:1   | Noticed a death yak
 17009 | Lair:1   | Killed a death yak
 17043 | Lair:1   | Upgraded the game from 0.31-a0-931-g7b59d4eb97 to
                  | 0.31-a0-940-gdaa99269f9
 17048 | Lair:1   | Learned a level 4 spell: Summon Lightning Spire
 17198 | Lair:1   | Reached skill level 1 in Summonings
 17334 | Lair:1   | Reached skill level 1 in Air Magic
 17549 | Lair:1   | Killed a death yak
 17782 | Lair:1   | Noticed a death yak
 18527 | Lair:2   | Noticed a boulder beetle
 18595 | Lair:2   | Killed a boulder beetle
 18758 | Lair:2   | Reached skill level 5 in Summonings
 18937 | Lair:2   | Noticed a five-headed hydra
 18957 | Lair:2   | Killed a five-headed hydra
 19515 | Lair:3   | Found a staircase to the Swamp.
 19713 | Lair:3   | Reached XP level 13. HP: 48/58 MP: 4/24
 19725 | Lair:3   | Noticed Fannar
 19752 | Lair:3   | Killed Fannar
 20602 | Lair:3   | Found a hole to the Spider Nest.
 21249 | Lair:4   | Identified the +5 ring mail of the Lobster {Dex+3}
 21799 | Lair:4   | Reached skill level 10 in Summonings
 21977 | Lair:5   | Entered Level 5 of the Lair of Beasts
 23407 | Lair:5   | Noticed Urug
 23421 | Lair:5   | Killed Urug
 23973 | Lair:5   | Reached XP level 14. HP: 53/62 MP: 1/28
 24110 | Lair:5   | Found a viscous altar of Jiyva.
 24110 | Lair:5   | Found a staircase to the Slime Pits.
 24430 | Lair:5   | Learned a level 6 spell: Summon Cactus Giant
 24528 | Lair:5   | Reached skill level 10 in Spellcasting
 25874 | D:12     | Identified the +1 scale mail of the Devil {rN+}
 26988 | D:13     | Identified the +5 scale mail of Untruth {rElec Will- Int+4
                  | SInv}
 27347 | D:14     | Noticed Rupert
 27347 | D:14     | Found a gate to the Vaults.
 28071 | D:14     | Killed Rupert
 28405 | D:14     | Found a broken altar of Ashenzari.
 28443 | D:14     | Reached XP level 15. HP: 53/66 MP: 13/32
 28893 | D:15     | Entered Level 15 of the Dungeon
 28893 | D:15     | Identified the +1 long sword "Afuit" {protect, +Blink rElec
                  | rN+++ Will-}
 29567 | D:15     | Found a shimmering blue altar of Sif Muna.
 29716 | D:15     | Reached skill level 15 in Summonings
 29960 | D:15     | Noticed Jorgrun
 30065 | D:15     | Noticed Josephine
 30131 | D:15     | Killed Josephine
 30335 | D:15     | Found a staircase to the Depths.
 30638 | Orc:1    | Entered Level 1 of the Orcish Mines
 31139 | Orc:2    | Entered Level 2 of the Orcish Mines
 31614 | Orc:2    | Found Foten's Jewellery Emporium.
 31744 | Orc:2    | Found Waeqas's General Store.
 31770 | Orc:2    | Bought a scroll of blinking for 90 gold pieces
 32749 | Orc:2    | Found a staircase to the Elven Halls.
 32832 | Orc:2    | Found Saomatzi's Jewellery Boutique.
 33618 | Orc:2    | Found Ohydweklao's Weapon Shoppe.
 34393 | Orc:2    | Learned a level 5 spell: Summon Forest
 34449 | WizLab   | Identified the "Bezav"
 34449 | WizLab   | Identified the of Buholu
 34449 | WizLab   | Identified the "Xidoim"
 34449 | Elf:1    | Entered Level 1 of the Elven Halls
 34548 | Elf:1    | Found Aleziav's Antique Weapon Emporium.
 34594 | Elf:1    | Reached skill level 1 in Translocations
 34673 | Elf:1    | Found Cuociej's Assorted Antiques.
 34838 | Elf:1    | Paralysed by an air elemental for 1 turns
 35038 | Elf:1    | Reached XP level 16. HP: 73/73 MP: 12/35
 35232 | Elf:1    | Reached skill level 5 in Translocations
 35253 | Elf:1    | Found Hilo's Book Emporium.
 35604 | Elf:1    | Found Zuur's Distillery.
 36089 | Elf:2    | Paralysed by an air elemental for 1 turns
 36871 | Elf:2    | Found a runed translucent gate.
 36871 | Elf:2    | Found a runed translucent gate.
 36872 | Elf:2    | Found a runed translucent gate.
 37950 | Spider:1 | Entered Level 1 of the Spider Nest
 38098 | Spider:1 | Noticed Roxanne
 38753 | Spider:1 | Learned a level 9 spell: Dragon's Call
 39135 | Spider:1 | Learned a level 7 spell: Haunt
 40841 | Spider:1 | Killed Roxanne
 42286 | Spider:2 | Reached XP level 17. HP: 51/77 MP: 9/36
 42744 | Spider:3 | Reached skill level 1 in Shapeshifting
 42933 | Spider:3 | Noticed Bai Suzhen
 43548 | Spider:2 | Learned a level 7 spell: Malign Gateway
 43566 | Spider:3 | Killed Bai Suzhen
 43567 | Spider:3 | Reached skill level 5 in Shapeshifting
 44131 | Spider:4 | Entered Level 4 of the Spider Nest
 44131 | Spider:4 | Found a frozen archway.
 44357 | IceCv    | Entered an ice cave
 45342 | IceCv    | Noticed an Ice Fiend
 45828 | IceCv    | Killed an Ice Fiend
 46179 | Spider:4 | Reached skill level 10 in Shapeshifting
 47483 | Spider:4 | Reached XP level 18. HP: 57/81 MP: 12/37
 47489 | Spider:4 | Identified the -2 pair of boots "Leekeb" {rPois rF+ Stlth+}
 47506 | Spider:4 | Got a gossamer rune of Zot
 48194 | Elf:3    | Identified the "Osawuxt"
 48194 | Elf:3    | Identified the "Jefa"
 48194 | Elf:3    | Identified the "Vost"
 48194 | Elf:3    | Entered Level 3 of the Elven Halls
 48242 | Elf:3    | Found Kajateat's General Store.
 48250 | Elf:3    | Bought a potion of heal wounds for 85 gold pieces
 50025 | Abyss:3  | Cast into level 3 of the Abyss (a deep elf sorcerer)
 50264 | Abyss:3  | Engulfed by a revenant's spectral mist
 50265 | Abyss:3  | Found a corrupted altar of Lugonu.
 50375 | Abyss:3  | Noticed a bone dragon
 50572 | Abyss:3  | Noticed a profane servitor
 50598 | Abyss:3  | Found a corrupted altar of Lugonu.
 50676 | Abyss:3  | Found a corrupted altar of Lugonu.
 50678 | Abyss:3  | Found a corrupted altar of Lugonu.
 50722 | Abyss:3  | Noticed a bone dragon
 50769 | Abyss:3  | Reached skill level 15 in Shapeshifting
 50779 | Abyss:3  | Killed a bone dragon
 50836 | Abyss:3  | Found a corrupted altar of Lugonu.
 50838 | Abyss:3  | Found a corrupted altar of Lugonu.
 50838 | Abyss:3  | Found a corrupted altar of Lugonu.
 50860 | Elf:3    | Escaped the Abyss
 51396 | Elf:3    | Identified the +9 flail of the Valley {heavy, Will+}
 51401 | Elf:3    | Identified the +9 mace of the Desert {heavy, rF+ Will+}
 52257 | Elf:3    | Identified the +8 great mace of Miwaacw {speed, *Noise
                  | rElec rPois Dex+5}
 52257 | Elf:3    | Identified the +2 robe of Posuq {Contam +Blink Stlth+}
 52354 | Elf:3    | Identified the +0 leather armour "Laluits" {Harm rPois rF-
                  | Dex+5}
 52362 | Elf:3    | Reached XP level 19. HP: 84/84 MP: 17/39
 52540 | Elf:3    | Identified the staff of the Nine People {rElec rC+ rCorr
                  | Str+3 Air}
 52593 | Elf:3    | Identified the staff "Rupek" {Fly rPois Dex+3 Stlth+ Conj}
 53106 | Swamp:1  | Entered Level 1 of the Swamp
 53869 | Swamp:2  | Noticed Kirke
 53874 | Swamp:2  | Killed Kirke
 54540 | Swamp:3  | Noticed Nikola
 54546 | Swamp:3  | Killed Nikola
 54950 | Swamp:4  | Entered Level 4 of the Swamp
 55638 | Swamp:4  | Identified the +9 whip of Alausev {venom, Stlth+}
 55896 | Swamp:4  | Got a decaying rune of Zot
 56200 | Vaults:1 | Entered Level 1 of the Vaults
 56323 | Vaults:1 | Reached XP level 20. HP: 88/88 MP: 25/42
 56350 | Vaults:1 | Found a magical portal.
 56355 | WizLab   | Entered Tukima's Studio
 56399 | WizLab   | Reached skill level 15 in Spellcasting
 56516 | WizLab   | Identified the +2 triple crossbow of Accord {penet, rCorr}
 56641 | WizLab   | Noticed Flugkiller's illusion
 56679 | WizLab   | HP: 2/114 [living spell/divine providence[a walking divine
                  | tome] (11)]
 56679 | WizLab   | Killed from afar by a living spell
 57932 | Vaults:1 | Reached skill level 12 in Dodging
 58583 | Vaults:2 | Found Goumaip's Assorted Antiques.
 58690 | Vaults:2 | Reached skill level 13 in Dodging
 59074 | Vaults:2 | Found Qobrud's Assorted Antiques.
 59144 | Vaults:2 | Reached skill level 10 in Fighting
 59241 | Vaults:2 | Reached XP level 21. HP: 55/96 MP: 3/44
 59351 | Vaults:2 | Reached skill level 14 in Dodging
 59485 | Vaults:2 | Found Ysur's Jewellery Shoppe.
 59860 | Vaults:2 | Found a staircase to the Crypt.
 59939 | Vaults:2 | Bought the amulet "Lazeq" {Regen+ Dex+5} for 997 gold
                  | pieces
 60002 | Vaults:3 | Identified a scroll of acquirement
 60288 | Vaults:3 | Reached skill level 10 in Unarmed Combat
 60473 | Vaults:3 | Reached skill level 15 in Dodging
 60879 | Vaults:4 | Noticed Boris
 60884 | Vaults:4 | Killed Boris
 60887 | Vaults:4 | Found a flickering gateway to a bazaar.
 60901 | Bazaar   | Entered a bazaar
 60905 | Bazaar   | Found Deavotawk's Jewellery Boutique.
 60927 | Bazaar   | Found Noriq's Antique Armour Emporium.
 60948 | Bazaar   | Found Aqerph's Book Boutique.
 60968 | Bazaar   | Found Pap Zaush's Antique Armour Shoppe.
 61029 | Vaults:4 | Noticed Sojobo
 61035 | Vaults:4 | Killed Sojobo
 61081 | Vaults:4 | Noticed Norris
 61083 | Vaults:4 | Killed Norris
 61168 | Vaults:4 | Acquired a Fen Folio
 61531 | Vaults:4 | Identified the +1 flail of Kiosch {speed, Stlth+}
 61602 | Vaults:4 | Your ally Norris died
 61620 | Vaults:4 | Reached skill level 16 in Dodging
 62188 | Vaults:5 | Entered Level 5 of the Vaults
 62228 | Vaults:5 | Reached XP level 22. HP: 105/105 MP: 1/45
 62245 | Vaults:5 | Reached skill level 17 in Dodging
 62264 | Vaults:5 | Found Haevuez's Distillery.
 62265 | Vaults:5 | Found Hoim's Distillery.
 62269 | Vaults:5 | Bought a potion of resistance for 120 gold pieces
 62269 | Vaults:5 | Bought a potion of haste for 120 gold pieces
 62269 | Vaults:5 | Bought a potion of heal wounds for 60 gold pieces
 62290 | Vaults:5 | Bought 2 potions of heal wounds for 140 gold pieces
 62421 | Vaults:5 | Noticed an ancient lich
 62605 | Vaults:5 | Learned a level 6 spell: Death Channel
 62686 | Vaults:5 | Noticed a dread lich
 62707 | Vaults:5 | Found Zoplyqoh's Antique Armour Shoppe.
 62710 | Vaults:5 | Noticed an ancient lich
 62725 | Vaults:5 | Killed an ancient lich
 62727 | Vaults:5 | Found Miypyuja's Jewellery Shop.
 62759 | Vaults:5 | Killed a dread lich
 62825 | Vaults:5 | Found Luqaann's Weapon Shop.
 62921 | Vaults:5 | Killed an ancient lich
 63179 | Vaults:5 | Got a silver rune of Zot
 63739 | Depths:1 | Entered Level 1 of the Depths
 63751 | Depths:1 | Reached skill level 15 in Fighting
 63977 | Depths:1 | Found a gateway to Hell.
 64014 | Depths:1 | Reached XP level 23. HP: 113/113 MP: 46/46
 64201 | Depths:1 | Reached skill level 15 in Unarmed Combat
 64822 | D:9      | Bought a potion of cancellation for 112 gold pieces
 64822 | D:9      | Bought a potion of curing for 42 gold pieces
 64822 | D:9      | Bought a potion of heal wounds for 70 gold pieces
 64822 | D:9      | Bought a potion of magic for 112 gold pieces
 64826 | D:9      | Bought a potion of brilliance for 56 gold pieces
 64838 | D:9      | Killed Erica
 65029 | D:9      | Bought a potion of magic for 232 gold pieces
 65029 | D:9      | Bought a potion of heal wounds for 145 gold pieces
 65285 | Depths:2 | Found Aduiggeu's General Store.
 65472 | Depths:2 | Identified the +1 pair of boots of Imperfection {Slay+3}
 65628 | Depths:2 | Found a one-way gate leading to the halls of Pandemonium.
 65952 | Depths:3 | Found Lioronoc's Weapon Shoppe.
 65955 | Depths:3 | Found Emmiwed's Assorted Antiques.
 65957 | Depths:3 | Found Afengis's Antique Armour Shoppe.
 66234 | Depths:3 | Found a one-way gate to the infinite horrors of the Abyss.
 66424 | Depths:3 | Identified the +0 pair of gloves of Yviog {rF+}
 66503 | Depths:4 | Entered Level 4 of the Depths
 66510 | Depths:4 | Noticed a juggernaut
 66513 | Depths:4 | Noticed Frederick
 66517 | Depths:4 | Killed a juggernaut
 66519 | Depths:4 | Killed Frederick
 66580 | Depths:4 | Found a one-way gateway to a ziggurat.
 66593 | Depths:4 | Found Puahig's Jewellery Shoppe.
 66597 | Depths:4 | Found Plog's Distillery.
 66597 | Depths:4 | Found Pixos's General Store.
 66605 | Depths:4 | Found Voiwkesu's Armour Shoppe.
 66611 | Depths:4 | Bought a scroll of teleportation for 42 gold pieces
 66617 | Depths:4 | Bought a potion of magic for 136 gold pieces
 66617 | Depths:4 | Bought a potion of resistance for 170 gold pieces
 66617 | Depths:4 | Bought a potion of haste for 170 gold pieces
 66617 | Depths:4 | Bought a potion of haste for 170 gold pieces
 66617 | Depths:4 | Bought a potion of cancellation for 136 gold pieces
 66617 | Depths:4 | Bought a potion of cancellation for 136 gold pieces
 66617 | Depths:4 | Bought 2 potions of brilliance for 136 gold pieces
 66617 | Depths:4 | Bought a potion of curing for 51 gold pieces
 66652 | Depths:4 | Noticed a caustic shrike
 66652 | Depths:4 | Noticed a caustic shrike
 66653 | Depths:4 | Noticed a caustic shrike
 66654 | Depths:4 | Noticed a caustic shrike
 66656 | Depths:4 | Killed a caustic shrike
 66656 | Depths:4 | Killed a caustic shrike
 66657 | Depths:4 | Noticed a caustic shrike
 66663 | Depths:4 | Killed a caustic shrike
 66664 | Depths:4 | Reached XP level 24. HP: 121/121 MP: 13/46
 66666 | Depths:4 | Reached skill level 10 in Translocations
 66852 | Depths:4 | Your ally Frederick died
 66866 | Depths:4 | Found a gate to the Realm of Zot.
 66889 | Depths:4 | Reached skill level 18 in Dodging
 67545 | Zot:1    | Entered Level 1 of the Realm of Zot
 67616 | Zot:2    | Reached skill level 19 in Dodging
 67781 | Zot:4    | Reached skill level 20 in Dodging
 67944 | Zot:4    | Noticed Grunn
 67962 | Zot:4    | Killed Grunn
 67998 | Zot:4    | Reached skill level 21 in Dodging
 68803 | Zot:5    | Entered Level 5 of the Realm of Zot
 68810 | Zot:5    | Reached skill level 22 in Dodging
 69072 | Zot:5    | Noticed an ancient lich
 69079 | Zot:5    | Killed an ancient lich
 69080 | Zot:5    | Reached skill level 23 in Dodging
 69084 | Zot:5    | Noticed a Killer Klown
 69088 | Zot:5    | Killed a Killer Klown
 69099 | Zot:5    | Noticed a Killer Klown
 69123 | Zot:5    | Noticed a Killer Klown
 69133 | Zot:5    | Killed a Killer Klown
 69134 | Zot:5    | Reached XP level 25. HP: 126/126 MP: 1/46
 69138 | Zot:5    | Killed a Killer Klown
 69305 | Zot:5    | Reached skill level 24 in Dodging
 69476 | Zot:5    | Noticed an ancient lich
 69479 | Zot:5    | Killed an ancient lich
 69494 | Zot:5    | Noticed a Killer Klown
 69497 | Zot:5    | Killed a Killer Klown
 69595 | Zot:5    | Noticed a Killer Klown
 69597 | Zot:5    | Noticed an orb of fire
 69604 | Zot:5    | Killed an orb of fire
 69652 | Zot:5    | Killed a Killer Klown
 69735 | Zot:5    | Noticed an orb of fire
 69744 | Zot:5    | Gained mutation: You have hidden genetic potential. [an orb
                  | of fire]
 69745 | Zot:5    | Killed an orb of fire
 69813 | Zot:5    | Noticed a Killer Klown
 69819 | Zot:5    | Killed a Killer Klown
 69898 | Zot:5    | Noticed a Killer Klown
 69903 | Zot:5    | Killed a Killer Klown
 69913 | Zot:5    | Noticed an orb of fire
 69913 | Zot:5    | Gained mutation: You occasionally lose the ability to drink
                  | potions when taking damage. [an orb of fire]
 69914 | Zot:5    | Noticed a Killer Klown
 69915 | Zot:5    | Gained mutation: You are dopey. (Int -2) [an orb of fire]
 69917 | Zot:5    | Noticed a Killer Klown
 69918 | Zot:5    | Noticed a dread lich
 69920 | Zot:5    | Killed a Killer Klown
 69927 | Zot:5    | Gained mutation: Your spells are a little easier to cast,
                  | but a little less powerful. [an orb of fire]
 69928 | Zot:5    | Killed an orb of fire
 69931 | Zot:5    | Killed a dread lich
 69940 | Zot:5    | Killed a Killer Klown
 70261 | Zot:5    | Lost mutation: You are dopey. (Int -2) [potion of mutation]
 70261 | Zot:5    | Lost mutation: You occasionally lose the ability to drink
                  | potions when taking damage. [potion of mutation]
 70261 | Zot:5    | Gained mutation: You are weak. (Str -2) [potion of
                  | mutation]
 70261 | Zot:5    | Gained mutation: You are agile. (Dex +4, Str/Int -1)
                  | [potion of mutation]
 70262 | Zot:5    | Lost mutation: You are weak. (Str -2) [potion of mutation]
 70262 | Zot:5    | Lost mutation: You have hidden genetic potential. [potion
                  | of mutation]
 70262 | Zot:5    | Gained mutation: Your mind is acute. (Int +4, Str/Dex -1)
                  | [potion of mutation]
 70263 | Zot:5    | Lost mutation: Your spells are a little easier to cast, but
                  | a little less powerful. [potion of mutation]
 70263 | Zot:5    | Lost mutation: You are agile. (Dex +4, Str/Int -1) [potion
                  | of mutation]
 70263 | Zot:5    | Gained mutation: You are somewhat resistant to further
                  | mutation. [potion of mutation]
 70345 | Zot:5    | Got the Orb of Zot
 70814 | D:1      | Noticed Boris
 70838 | D:1      | gg
 70839 | D:$      | Escaped with the Orb!

Illustrated notes

.♣♣♣.♣♣ ♣♣♣.♣ ♣♣
♣♣.♣♣♣ ♣.♣ ♣ ♣♣..♣♣♣
♣♣.♣ ♣♣♣..♣ ♣..♣ ♣♣{♣
♣♣.♣♣ ♣♣.♣♣ ♣♣..♣♣ ♣♣
♣.♣♣ ♣.♣..♣♣♣ ≈♣**
♣♣.♣♣ ♣......♣
≈≈≈♣*♣.♣.♣♣♣♣♣..@..♣♣
*≈≈≈♣♣♣....♣..P...♣♣
*~~*♣ ♣♣♣P♣.P♣♣♣♣♣♣
**** ♣♣♣♣♣♣


Turn 70838 on D:1: gg

Levels and vault maps discovered:
D:1:      kilobyte_arrival_exit_the_forest, layout_rooms,
          minmay_misc_feat_four_crosses, minmay_misc_feat_tiny
D:2:      layout_basic, serial_shops, nicolae_shop_real_fake_doors,
          nicolae_book_shop_shelving, shop_statue, nicolae_shop_window_shopping,
          shop
D:3:      layout_basic, xom_confusion_cloud, minmay_door_square, uniq_jessica,
          uniq_grinder
D:4:      minmay_angry_zag, layout_layer_cave,
          nicolae_ru_great_annihilating_truth, serial_shops,
          nicolae_shop_behind_doors, lexackson_kobold_supper
D:5:      layout_loops_ring, minmay_temple_entry_poolview, enter_ossuary_5,
          grunt_ministairs_4
D:6:      layout_rooms, serial_shops, shop, biasface_ghost_orc_armoury,
          grunt_decor_fettered, uniq_blork_the_orc, uniq_maggie
D:7:      layout_basic, lemuel_tele_altar
D:8:      layout_loops_ring, dk_vineyard_1
D:9:      minmay_distorted_concentric_squares, layout_rooms,
          kiku_gazebo_pond_becter, serial_shops, kennysheep_mini,
          nicolae_shop_back_alley_shop, nicolae_shop_bloodbath_and_beyond,
          kennysheep_mini_moat, shop, minmay_st_funbox, uniq_maurice, uniq_erica
D:10:     layout_stronghold, lair_entry_dummy
D:11:     layout_layer_cave, bh_hangedman_babel_library
D:12:     layout_rooms
D:13:     layout_irregular_city
D:14:     layout_cave_pools, david_vaults_3, ashenzari_altar_1,
          hangedman_decor_riveting
D:15:     hangedman_depths_entry_civil_slaughter, layout_cave_pools,
          led_sif_pool, uniq_jorgrun, uniq_josephine
Temple:   mainiacjoe_temple_coin_purse
Lair:1:   layout_chaotic_city, gauntlet_entry_generic,
          nicolae_volcano_entry_two_sided, grunt_megastairs_2
Lair:2:   layout_loops_ring, chequers_serial_rivers_marsh
Lair:3:   layout_long_grid, swamp_mist_pool, nicolae_spider_entry_tight_spaces,
          serial_bayou_shore_a, uniq_fannar
Lair:4:   layout_loops_ring
Lair:5:   grunt_lair_end_beastmaster, layout_gridlike,
          dpeg_slime_entry_enclosed, lemuel_fruit_tree, uniq_urug
Swamp:1:  layout_falls_marsh, serial_swamp_ruin, evilmike_swamp_ruin_rubble_1,
          hangedman_swamp_ruin_hall, evilmike_swamp_ruin_house_2
Swamp:2:  layout_basic_swamp, nicolae_swamp_tree_designs, uniq_kirke
Swamp:3:  layout_basic_swamp, nicolae_swamp_triple_paths,
          infiniplex_staircase_pool_2, uniq_nikola
Swamp:4:  swamp_alternative, layout_basic_swamp, swamp_pool3
Spider:1: nicolae_spider_broodchamber, uniq_roxanne
Spider:2: layout_spider_delve, guppyfry_hornet_nest
Spider:3: layout_spider_delve, uniq_bai_suzhen
Spider:4: floodkiller_spider_rune_tomb, portal_ice_cave_entry_pillars_1,
          nicolae_spider_circle_web
Orc:1:    layout_caves
Orc:2:    pubby_orc_utopia, serial_shops
Elf:1:    layout_loops_cross, serial_sigils, serial_sigils_hangedman_quiver,
          serial_sigils_hangedman_confine, serial_sigils_hangedman_quiver,
          serial_sigils_hangedman_shear, serial_sigils_hangedman_leer,
          serial_shops, nicolae_shop_peninsula, nicolae_shop_back_alley_shop,
          shop, nicolae_shop_just_a_little_nook
Elf:2:    nicolae_elf_blades_splatter_lattice
          [nicolae_blade_entry_area_security], layout_loops_corners,
          solitary_fountain, nicolae_elf_v_pinch, minivault_24
Elf:3:    nooodl_elf_gasket, layout_geoelf_castle, serial_shops, shop
Vaults:1: infiniplex_enter_wizlab_spiral, nicolae_vaults_yaktaur_gun_rack,
          hangedman_vaults_stagger, nicolae_vaults_branching_niches, v_misc_33,
          nicolae_vaults_mini_display_case, vaults_mumra_hexcomb,
          dpeg_vaults_monster_row, nicolae_vaults_offset_grid_hallway_3,
          nicolae_vaults_little_ls, nicolae_vaults_little_squares_3,
          layout_vaults_omnicross
Vaults:2: vaults_dpeg_hooks, nicolae_vaults_spaceships,
          minmay_crypt_entry_simple_plaza, v_pattern_5, hangedman_vaults_stream,
          vaults_mumra_bighexcomb, ontoclasm_vaults_eye,
          nicolae_vaults_surprise_closet, nicolae_vaults_more_shelving_1,
          nicolae_vaults_trapezoid_lopsided_3, layout_vaults_chaotic_city,
          serial_shops, shop, nicolae_shop_tiny_real_fake_doors, shop
Vaults:3: v_misc_26, nicolae_vaults_ellipses_ellipsis, hangedman_vaults_unwind,
          hangedman_vaults_pinch, grunt_vaults_hallway_long,
          nicolae_vaults_big_ls, nicolae_vaults_trapezoid_layered,
          nicolae_vaults_closet_pinwheel_6, nicolae_vaults_house_3,
          layout_vaults_maze_snakey
Vaults:4: nicolae_vaults_know_your_exits, vaults_mumra_chevron_long,
          nicolae_vaults_six-pack, nicolae_vaults_diamond_2, v_misc_3,
          vaults_mumra_lcd, nicolae_vaults_trapezoid_lopsided_1,
          layout_vaults_omnigrid, serial_shops, bzr_in_the_mist, uniq_margery,
          uniq_norris, uniq_boris, uniq_sojobo
Vaults:5
Depths:1: layout_basic, pf_vacation_house_of_asmodeus, nicolae_the_louvre,
          grunt_decor_junction, nrook_mini_backslash, kennysheep_generic_room_4
Depths:2: nicolae_BIG_FREAKIN_CUBE, layout_cave_pools,
          chequers_serial_rivers_micro_a, hell_entry, serial_shops, shop,
          rand_demon_pan_entry_4
Depths:3: minmay_the_grid_square_5x5_3x3 [minmay_the_grid_square_5x5_two_small,
          minmay_the_grid_square_5x5_plus, minmay_the_grid_square_5x5_minimal,
          minmay_the_grid_square_5x5_checkered_sparse,
          minmay_the_grid_square_5x5_megaprize_checkered,
          minmay_the_grid_square_5x5_shuriken, minmay_the_grid_square_5x5_inset,
          minmay_the_grid_square_5x5_trominoes,
          minmay_the_grid_square_5x5_inner_i], layout_cave_shapes, serial_glass,
          glass_columns_a, glass_columns_b, minmay_room_of_horrors, hell_entry,
          drop_trap, minmay_shop_star, infiniplex_staircase_x
Depths:4: evilmike_zot_entry_basic, layout_long_grid, enter_ziggurat_e,
          hellmouth_2, minmay_hedge_maze, minmay_shop_grid_forest,
          lemuel_nasty_fountain, uniq_frederick
Zot:1:    grunt_deathspiral_small, layout_concentric_octagons
Zot:2:    layout_misc_corridors
Zot:3:    layout_cathedral_of_symmetry, guppyfry_library_mini
Zot:4:    layout_twisted_circle, uniq_grunn
Zot:5:    layout_misc_corridors

Skill      XL: |  1  2  3  4  5  6  7  8  9 10 11 12 13 14 15 16 17 18 19 20 21 22 23 24 25 |
---------------+----------------------------------------------------------------------------+-----
Fighting       | 1 2 3 6 7 10 12 15 17 19 | 19.6
Unarmed Combat | 1 2 3 5 6 7 9 12 14 17 | 17.7
Necromancy     | 5 6 8 10 | 10.0
Dodging        | 4 5 7 9 11 13 16 17 23 24 | 24.9
Evocations     | 2 3 5 |  5.0
Spellcasting   | 4 6 9 12 14 15 | 15.6
Earth Magic    | 6 8 |  8.1
Summonings     | 7 11 14 17 20 21 22 | 22.7
Air Magic      | 4 |  4.3
Stealth        | 4 |  4.2
Translocations | 3 5 9 10 | 10.0
Shapeshifting  | 12 16 | 16.0

Action                     |  1- 3 |  4- 6 |  7- 9 | 10-12 | 13-15 | 16-18 | 19-21 | 22-24 | 25-27 || total
---------------------------+-------+-------+-------+-------+-------+-------+-------+-------+-------++-------
  Melee: Unarmed           |     3 |    16 |    75 |   359 |   401 |   269 |   162 |   302 |    75 ||  1662
         Bite              |     1 |     1 |    11 |    55 |    70 |    53 |    35 |    52 |     8 ||   286
         Punch             |       |       |     5 |    26 |    24 |    16 |    10 |    63 |    18 ||   162
   Cast: Necrotise         |    67 |   153 |   206 |    99 |       |       |       |       |       ||   525
         Vampiric Draining |       |       |    34 |    53 |       |       |       |       |       ||    87
         Borgnjor's Vile C |       |       |       |   103 |   177 |   144 |     2 |     3 |     9 ||   438
         Animate Dead      |       |       |       |     4 |     7 |     1 |     4 |    14 |       ||    30
         Summon Lightning  |       |       |       |     5 |    56 |     1 |       |       |       ||    62
         Summon Cactus Gia |       |       |       |       |   141 |   101 |     1 |     2 |       ||   245
         Summon Forest     |       |       |       |       |     1 |     6 |       |     4 |       ||    11
         Haunt             |       |       |       |       |       |    23 |     4 |       |     5 ||    32
         Dragon's Call     |       |       |       |       |       |    37 |    72 |    43 |    12 ||   164
         Malign Gateway    |       |       |       |       |       |    10 |       |     1 |       ||    11
         Death Channel     |       |       |       |       |       |       |       |     6 |       ||     6
 Invoke: Curse Item        |       |       |     2 |     1 |     1 |       |     1 |       |       ||     5
         Shatter the Chain |       |       |       |     1 |       |       |     1 |       |       ||     2
  Evoke: Wand              |       |       |       |    14 |    14 |    14 |       |     1 |       ||    43
         Phial of floods   |       |       |       |       |       |     2 |     1 |       |       ||     3
         Phantom mirror    |       |       |       |       |       |       |     1 |       |       ||     1
    Use: Scroll            |     3 |     2 |     9 |     2 |     4 |     5 |     5 |     9 |     2 ||    41
         Potion            |       |       |       |     1 |     2 |     7 |     3 |     7 |     7 ||    27
   Stab: Sleeping          |       |       |     8 |     5 |     8 |     1 |     1 |     4 |       ||    27
         Distracted        |       |       |       |     2 |     3 |     5 |     7 |    19 |     2 ||    38
         Paralysed         |       |       |       |     3 |     3 |     2 |       |       |       ||     8
         Invisible         |       |       |       |       |     1 |       |       |       |       ||     1
 Armour: Skin              |     5 |    24 |    43 |   100 |   127 |   169 |   204 |   178 |    46 ||   896
  Dodge: Dodged            |     6 |    41 |   132 |   475 |   591 |   537 |   540 |   828 |   196 ||  3346
   Form: Statue            |       |       |       |       |       |     1 |       |       |       ||     1
                           |       |       |       |       |       |       |       |       |     1 ||     1

Table legend: (Time is in decaauts)
 A = Elapsed time spent in this place.
 B = Non-inter-level travel time spent in this place.
 C = Inter-level travel time spent in this place.
 D = Time resting spent in this place.
 E = Time spent auto-exploring this place.
 F = Levels seen in this place.
 G = Mean time per level.
                   A        B        C        D        E       F      G
               +--------+--------+--------+--------+--------+-----+--------+
         Total |  74812 |  70145 |   4667 |  24889 |  24920 |  55 | 1360.2 |
       Dungeon |  19037 |  16835 |   2202 |   5734 |   6458 |  15 | 1269.1 |
        Temple |     30 |      4 |     26 |      0 |      0 |   1 |   30.0 |
          Lair |   8391 |   7853 |    538 |   3299 |   2039 |   5 | 1678.2 |
         Swamp |   4810 |   4553 |    257 |   1231 |   2395 |   4 | 1202.5 |
   Spider Nest |   7886 |   7737 |    149 |   4542 |   1300 |   4 | 1971.5 |
  Orcish Mines |   3644 |   3348 |    296 |   1377 |    864 |   2 | 1822.0 |
   Elven Halls |   7206 |   6971 |    235 |   3117 |   1919 |   3 | 2402.0 |
        Vaults |  10188 |   9661 |    527 |   1570 |   5442 |   5 | 2037.6 |
        Depths |   5026 |   4767 |    259 |    443 |   2997 |   4 | 1256.5 |
           Zot |   4202 |   4028 |    174 |   1323 |   1062 |   5 |  840.4 |
         Abyss |    750 |    750 |      0 |    268 |      0 |   1 |  750.0 |
        Bazaar |    160 |    160 |      0 |      0 |    127 |   1 |  160.0 |
       Ossuary |    190 |    190 |      0 |     17 |     27 |   1 |  190.0 |
      Ice Cave |   1558 |   1558 |      0 |   1065 |     39 |   1 | 1558.0 |
       Volcano |    151 |    151 |      0 |     42 |      0 |   1 |  151.0 |
        Wizlab |    844 |    844 |      0 |    472 |    120 |   1 |  844.0 |
      Gauntlet |    732 |    732 |      0 |    385 |    127 |   1 |  732.0 |
               +--------+--------+--------+--------+--------+-----+--------+

Top non-repeatable levels by time:
   Elf:3: 3818 daAuts
Spider:1: 3279 daAuts
  Lair:5: 3063 daAuts
   Orc:2: 2916 daAuts
Vaults:1: 2648 daAuts
   Zot:5: 2284 daAuts
Vaults:2: 2228 daAuts
Vaults:4: 2188 daAuts
Spider:4: 2051 daAuts
Vaults:5: 1818 daAuts
   Elf:2: 1817 daAuts
     D:9: 1776 daAuts
  Lair:1: 1758 daAuts
    D:11: 1637 daAuts
Spider:2: 1607 daAuts
